 Dungeon Crawl Stone Soup version 0.29-a0-551-gffc1d7fb78 (webtiles) character file.

Game seed: 11248576573375605466

1324 spiderkeys the Ducker (level 8, 0/48 HPs)
             Began as a Deep Elf Abyssal Knight on June 5, 2022.
             Was an Elder of Lugonu.
             Slain by a manticore (19 damage)
             ... on level 6 of the Dungeon.
             The game lasted 00:18:19 (9454 turns).

spiderkeys the Ducker (Deep Elf Abyssal Knight)     Turns: 9454, Time: 00:18:19

Health: 0/48       AC:  5    Str: 14    XL:     8   Next: 33%
Magic:  17/17      EV: 14    Int: 18    God:    Lugonu [****..]
Gold:   433        SH:  0    Dex: 15    Spells: 13/17 levels left

rFire   . . .      SeeInvis .   Z - +10 rapier of the Sharing Sybil {vamp, Will+ Str+4}
rCold   . . .      Faith    .   (no shield)
rNeg    . . .      Spirit   .   b - +0 leather armour
rPois   .          Reflect  .   x - +2 hat
rElec   .          Harm     .   (no cloak)
rCorr   .          Rampage  .   (no gloves)
Will    ++...                   (no boots)
Stlth   ++........              (no amulet)
HPRegen 0.16/turn               Y - ring of willpower
MPRegen 0.15/turn               (no ring)

@: no status effects
A: no striking features
a: Renounce Religion, Depart the Abyss, Bend Space, Banish, Corrupt


You were on level 6 of the Dungeon.
You worshipped Lugonu.
Lugonu was greatly pleased with you.
You visited 1 branch of the dungeon, and saw 6 of its levels.
You visited the Abyss 1 time.
You also visited: Ossuary.

You collected 433 gold pieces.


   Skills:
 + Level 4.1 Fighting
 + Level 3.7 Short Blades
 - Level 1.0 Armour
 + Level 5.5 Dodging
 + Level 3.9 Stealth
 - Level 5.0 Spellcasting
 + Level 4.2 Conjurations
 - Level 4.0 Hexes
 + Level 1.1 Ice Magic
 - Level 2.6 Invocations


You had 13 spell levels left.
You knew the following spells:

 Your Spells              Type           Power      Damage    Failure   Level
e - Ensorcelled Hibernat  Hex/Ice        26%        N/A       9%          2
s - Searing Ray           Conj           38%        2d5       4%          2

Your spell library contained the following spells:

 Spells                   Type           Power      Damage    Failure   Level
 Dazzling Flash           Conj/Hex       38%        N/A       9%          3
 Sandblast                Erth           8%         2d5       16%         1
 Stone Arrow              Conj/Erth      24%        3d8       21%         3
 Passwall                 Tmut/Erth      3%         N/A       24%         2
 Call Canine Familiar     Summ           4%         N/A       43%         3
 Spider Form              Tmut/Pois      4%         N/A       43%         3
 Anguish                  Hex/Necr       5%         N/A       56%         4
 Iskenderun's Battlesphe  Conj           19%        2d7       63%         5
 Animate Armour           Summ/Erth      8%         N/A       85%         4
 Freezing Cloud           Conj/Ice/Air   5%         6-21      91%         5
 Simulacrum               Ice/Necr       3%         N/A       100%        6
 Summon Hydra             Summ           2%         N/A       100%        7
 Polar Vortex             Ice            4%         N/A       100%        9

Inventory:

Hand Weapons
 a - a +1 short sword
 i - a +3 rapier of freezing
   (You found it on level 1 of the Dungeon)
 Z - the +10 rapier of the Sharing Sybil (weapon) {vamp, Will+ Str+4}
   (You found it on level 5 of the Dungeon)

   It occasionally heals its wielder for a portion of the damage dealt when it
   wounds a living foe.
   Str:       It affects your strength (+4).
   Will:      It increases your willpower.
Missiles
 f - 2 throwing nets {=f!f}
 n - 174 stones
 w - 9 poisoned darts
 O - a boomerang
Armour
 b - a +0 leather armour (worn)
 g - a +0 robe
   (You took it off a gnoll shaman on level 5 of the Dungeon)
 s - a +0 plate armour
   (You took it off an orc warrior on level 5 of the Dungeon)
 t - a +0 helmet
   (You found it on level 3 of the Dungeon)
 v - a +0 scale mail
   (You found it on level 6 of the Dungeon)
 x - a +2 hat (worn)
   (You found it on level 3 of the Dungeon)
 y - a +0 leather armour
   (You took it off an orc on level 6 of the Dungeon)
 D - a +0 robe
   (You took it off an orc wizard on level 3 of the Dungeon)
Jewellery
 F - a ring of fire
   (You took it off an orc on level 3 of the Dungeon)
 Y - a ring of willpower (left hand)
   (You found it on level 5 of the Dungeon)
Wands
 e - a wand of iceblast (12)
   (You found it on level 5 of the Dungeon)
 A - a wand of polymorph (9)
   (You found it on level 3 of the Dungeon)
Scrolls
 h - 2 scrolls of fog
 j - a scroll of magic mapping {!r}
 m - 2 scrolls of immolation {!r!r}
 o - a scroll of summoning
 p - a scroll of silence {!r}
 q - 2 scrolls of poison {!r}
 r - 2 scrolls of teleportation {@r4}
 R - 3 scrolls of identify {@r1}
Potions
 c - a potion of heal wounds {unknown}
 d - a potion of brilliance {unknown}
 k - 4 potions of haste {@q3}
 l - 3 potions of lignification {unknown}
 u - a potion of flight {unknown}
 z - a potion of invisibility
 B - 2 potions of attraction {unknown}
 C - 2 potions of mutation {unknown}
 I - 2 potions of ambrosia {unknown}
 L - 3 potions of degeneration {unknown}
 U - a potion of berserk rage {unknown}
 V - a potion of magic {unknown}

Dungeon Overview and Level Annotations

Branches:
Dungeon (6/15)            Ossuary (visited)
 Temple: D:4-7

Altars:
Okawaru
Sif Muna
Vehumet
Zin

Shops:
D:4 *

Annotations:
D:5 2 transporters, oldriver's ghost, weakling PaDe

#..# #.#.#.c
#..# #.#.#.#
...# #.#.#..
#.#)#.###
######.#.#...#
........)#.#!#
#####...#$..#
########...'.#H#
...........#.@.#
##########.#.#?#
#.^....#...#
........#.###
.#.######.. #
#.# #.. #.#


You could see a manticore.


Message History

Press: ? - help, Shift-Dir - straight line, f - orc warrior
Aim: an orc warrior, wielding a +0 short sword, wearing a +0 plate armour and quivering stones (moderately wounded, chance to affect: 46%)
The orc warrior resists with some effort.
The orc warrior hits you but does no damage. 😮 MP[-2]
You lost 2 mp, and now have 10/17 mp.
Casting: Ensorcelled Hibernation (safe; 10% risk of failure)
Confirm with . or Enter, or press ? or * to list all spells.
Aiming: Ensorcelled Hibernation (safe; 10% risk of failure)
Press: ? - help, Shift-Dir - straight line, f/p - orc warrior
Aim: an orc warrior, wielding a +0 short sword, wearing a +0 plate armour and quivering stones (moderately wounded, chance to affect: 46%)
The orc warrior resists with some effort.
The orc warrior hits you with a +0 short sword!
* * * LOW HITPOINT WARNING * * *
😨 HP[-8] MP[-2]
You take 8 damage, and now have 20/48 hp.
You lost 2 mp, and now have 8/17 mp.
Unknown command.
Casting: Ensorcelled Hibernation (safe; 10% risk of failure)
Confirm with . or Enter, or press ? or * to list all spells.
Aiming: Ensorcelled Hibernation (safe; 10% risk of failure)
Press: ? - help, Shift-Dir - straight line, f/p - orc warrior
Aim: an orc warrior, wielding a +0 short sword, wearing a +0 plate armour and quivering stones (moderately wounded, chance to affect: 46%)
The orc warrior resists with some effort.
The orc warrior barely misses you. 😨 MP[-2]
You lost 2 mp, and now have 6/17 mp.
Casting: Ensorcelled Hibernation (safe; 10% risk of failure)
Confirm with . or Enter, or press ? or * to list all spells.
Aiming: Ensorcelled Hibernation (safe; 10% risk of failure)
Press: ? - help, Shift-Dir - straight line, f/p - orc warrior
Aim: an orc warrior, wielding a +0 short sword, wearing a +0 plate armour and quivering stones (moderately wounded, chance to affect: 46%)
The orc warrior resists with some effort.
The orc warrior barely misses you. 😨 MP[-2]
You lost 2 mp, and now have 4/17 mp.
Casting: Ensorcelled Hibernation (safe; 10% risk of failure)
Confirm with . or Enter, or press ? or * to list all spells.
Aiming: Ensorcelled Hibernation (safe; 10% risk of failure)
Press: ? - help, Shift-Dir - straight line, f/p - orc warrior
Aim: an orc warrior, wielding a +0 short sword, wearing a +0 plate armour and quivering stones (moderately wounded, chance to affect: 46%)
The orc warrior looks drowsy... 😨 MP[-2]
You lost 2 mp, and now have 2/17 mp.
The helpless orc warrior fails to defend itself.
You impale the orc warrior!!
You feel better.
You kill the orc warrior!
Lugonu accepts your kill.
Your Ice Magic skill increases to level 1! 😮 HP[+7] MP[+1]
You regained 7 hp, and now have 27/48 hp.
You start resting. 😕 HP[+14] MP[+14]
You regained 14 hp, and now have 41/48 hp.
Your mp is fully restored (17).
You start resting. 😎 HP[+7]
Your hp is fully restored (48).
n - 174 stones (gained 29);
s - a +0 plate armour You now have 433 gold pieces (gained 3).
Things that are here:
a +0 short sword; an orc corpse
There is a stone staircase leading down, spattered with blood here.
You climb downwards.
The orc misses you.
There is a stone staircase leading up here.
You barely miss the orc. The orc closely misses you.
You puncture the orc!
You kill the orc!
Lugonu accepts your kill.
You can now corrupt the fabric of space.
Things that are here:
a +1 vorpal hand axe; an orc corpse
Things that are here:
a +0 club; a howler monkey skeleton
y - a +0 leather armour You see here a +0 hand axe.
An orc comes into view. It is wielding a +0 war axe.
The orc moves out of view.
You open the door.
A centaur comes into view.
There is an open door here.
A manticore comes into view.
The manticore completely misses you. The manticore claws you.
The manticore claws you but does no damage. 😕 HP[-6]
You take 6 damage, and now have 42/48 hp.
Press: ? - help, Shift-Dir - straight line, f - manticore
Aim: a manticore (chance to affect: 66%)
You fail to use your ability.
The manticore bites you!!
* * * LOW HITPOINT WARNING * * *
The manticore closely misses you. x2 😨 HP[-23]
You take 23 damage, and now have 19/48 hp.
MASSIVE DAMAGE!! (PAUSE)
Press: ? - help, Shift-Dir - straight line, f/p - manticore
Aim: a manticore (chance to affect: 66%)
You fail to use your ability.
The manticore bites you!!
You die...

Skill      XL: |  1  2  3  4  5  6  7  8 |
---------------+-------------------------+-----
Armour         | 1 |  1.0
Dodging        | 3 4 5 |  5.5
Spellcasting   | 1 2 3 4 5 |  5.0
Hexes          | 1 2 3 4 |  4.0
Fighting       | 3 4 |  4.1
Stealth        | 1 2 3 |  3.9
Conjurations   | 1 4 |  4.2
Short Blades   | 3 |  3.7
Ice Magic      | 1 |  1.1
Invocations    | |  2.6

Action                   |  1- 3 |  4- 6 |  7- 9 || total
-------------------------+-------+-------+-------++-------
Melee: Short sword       |   107 |   271 |     3 ||   381
       Punch             |       |     4 |       ||     4
       Rapier            |       |       |    58 ||    58
Throw: Dart              |       |    19 |       ||    19
       Boomerang         |       |     2 |       ||     2
 Cast: Ensorcelled Hiber |       |    20 |     5 ||    25
       Searing Ray       |       |     4 |    22 ||    26
Invok: Bend Space        |       |     2 |     3 ||     5
  Use: Scroll            |     1 |    13 |     3 ||    17
       Potion            |     3 |       |     4 ||     7
 Stab: Sleeping          |       |     9 |     1 ||    10
Armor: Leather armour    |    17 |    95 |    12 ||   124
Dodge: Dodged            |    68 |   204 |    53 ||   325

Levels and vault maps discovered:
D:1:      lightli_iron_boxes, layout_rooms, serial_park_tiny_pond
D:2:      layout_basic, basic_ecumenical_altar, basic_altar
D:3:      layout_loops_ring
D:4:      dreamdust_elfheim, layout_cave_pods, okawaru_altar_gauntlet_db,
          serial_shops, nicolae_shop_waterfront
D:5:      layout_cave_pods, gammafunk_temple_overflow_statue,
          gammafunk_ghost_mausoleum, enter_ossuary_5, minivault_5
D:6:      layout_basic, minmay_temple_entry_proselytizer,
          grunt_decor_mini_mirrors, hangedman_minor_gate_pass, uniq_grinder

Notes
Turn   | Place    | Note
-------+----------+-------------------------------------------
     0 | Abyss:1  | spiderkeys the Deep Elf Abyssal Knight began the quest for
                  | the Orb.
     0 | Abyss:1  | Reached XP level 1. HP: 13/13 MP: 4/4
     0 | Abyss:1  | magus.rc [v1.11.3]
    10 | D:1      | You pass through the gate.
    10 | D:1      | Escaped the Abyss
   524 | D:1      | Reached skill level 1 in Armour
   544 | D:1      | Reached XP level 2. HP: 18/18 MP: 5/5
  1010 | D:2      | Reached skill level 3 in Dodging
  1010 | D:2      | Reached XP level 3. HP: 22/22 MP: 6/6
  1135 | D:2      | Found a faded altar of an unknown god.
  1322 | D:2      | Found a glowing silver altar of Zin.
  1331 | D:2      | You pick up a book of Dreams and begin reading...
  1331 | D:2      | You add the spells Ensorcelled Hibernation, Spider Form and
                  | Anguish to your library.
  1335 | D:2      | Learned a level 2 spell: Ensorcelled Hibernation
  1998 | D:3      | HP: 4/22 [adder (2)]
  2002 | D:3      | Reached skill level 1 in Spellcasting
  2002 | D:3      | Reached skill level 1 in Hexes
  2309 | D:3      | Reached XP level 4. HP: 16/27 MP: 7/7
  2858 | D:3      | Reached skill level 2 in Spellcasting
  2859 | D:3      | HP: 4/27 [orc/+0 mace (3)]
  3155 | D:3      | Reached skill level 3 in Fighting
  3155 | D:3      | Reached skill level 2 in Hexes
  3399 | D:4      | Reached XP level 5. HP: 14/32 MP: 9/11
  3671 | D:3      | Reached skill level 3 in Spellcasting
  3675 | D:3      | HP: 8/32 [orc/+0 short sword (1)]
  3680 | D:3      | HP: 7/32 [orc/+0 short sword (2)]
  3681 | D:3      | HP: 3/32 [orc/+0 short sword (4)]
  4217 | D:4      | Found an iron altar of Okawaru.
  4284 | D:3      | Reached skill level 3 in Hexes
  4511 | D:4      | Reached *** piety under Lugonu
  4735 | D:4      | Found Xilobruc's General Store.
  5934 | D:4      | Reached skill level 4 in Dodging
  5934 | D:4      | Reached skill level 1 in Stealth
  5934 | D:4      | Reached XP level 6. HP: 34/37 MP: 13/13
  6135 | D:4      | Identified a scroll of acquirement
  6135 | D:4      | Acquired the Disquisition on the Lethal Escort
  6136 | D:4      | You add the spells Searing Ray, Dazzling Flash, Call Canine
                  | Familiar, Animate Armour, Iskenderun's Battlesphere and
                  | Summon Hydra to your library.
  6140 | D:4      | Learned a level 2 spell: Searing Ray
  6467 | D:5      | Entered Level 5 of the Dungeon
  6587 | D:5      | Found a transporter.
  6589 | D:5      | Noticed oldriver's ghost (weakling PaDe)
  6602 | D:5      | Reached skill level 1 in Conjurations
  6620 | D:5      | Found a transporter.
  6659 | D:5      | Reached skill level 4 in Spellcasting
  6659 | D:5      | Reached skill level 4 in Hexes
  6668 | D:5      | Reached skill level 2 in Stealth
  6701 | D:5      | You pick up a book of Geomancy and begin reading...
  6701 | D:5      | You add the spells Sandblast, Passwall and Stone Arrow to
                  | your library.
  6714 | D:5      | Found a sand-covered staircase.
  6824 | Ossuary  | Entered an ossuary
  6991 | Ossuary  | Reached XP level 7. HP: 41/41 MP: 9/15
  7211 | Ossuary  | Reached skill level 2 in Conjurations
  8031 | D:5      | You pick up a book of Ice and begin reading...
  8031 | D:5      | You add the spells Freezing Cloud, Simulacrum and Polar
                  | Vortex to your library.
  8171 | D:5      | You pick up a book of Ice and begin reading...
  8174 | D:5      | Identified the +10 rapier of the Sharing Sybil {vamp, Will+
                  | Str+4}
  8347 | D:5      | Reached skill level 3 in Stealth
  8347 | D:5      | Reached skill level 3 in Conjurations
  8436 | D:5      | Reached skill level 5 in Dodging
  8461 | D:5      | Reached skill level 3 in Short Blades
  8590 | D:5      | Found a shimmering blue altar of Sif Muna.
  8590 | D:5      | Found a radiant altar of Vehumet.
  8789 | D:6      | Noticed Grinder
  8815 | D:6      | Killed Grinder
  8816 | D:6      | Reached skill level 5 in Spellcasting
  8816 | D:6      | Reached skill level 4 in Conjurations
  8816 | D:6      | Reached XP level 8. HP: 48/48 MP: 8/17
  8863 | D:6      | Reached **** piety under Lugonu
  8870 | D:6      | HP: 5/48 [gnoll sergeant/+4 trident of venom (13)]
  9201 | D:6      | Reached skill level 4 in Fighting
  9284 | D:5      | Reached skill level 1 in Ice Magic
  9451 | D:6      | Noticed a manticore
  9454 | D:6      | Slain by a manticore

Vanquished Creatures
  Grinder (D:6)
  A black bear (D:5)
  An orc warrior (D:5)
  A phantom (D:5)
  A bullfrog (D:5)
  3 scorpions
  A howler monkey (D:6)
  A jelly (D:6)
  An orc priest (D:4)
  3 hounds
  A gnoll shaman (D:5)
  An iguana (D:3)
  An orc wizard (D:3)
  8 mummies (Ossuary)
  8 adders
  11 gnolls
  An ufetubus (D:4)
  A dart slug (D:2)
  19 orcs
  2 bats
  4 endoplasms
  2 giant cockroaches
  2 gnoll zombies (Ossuary)
  3 goblins
  4 hobgoblins
  4 kobolds
  5 quokkas
  2 training dummies (D:4)
  5 ball pythons
  A frilled lizard (D:1)
  2 hobgoblin zombies (Ossuary)
  3 kobold zombies (Ossuary)
  An orc zombie (Ossuary)
  2 rats
107 creatures vanquished.

Table legend:
 A = Non-vault XP
 B = Vault XP
 C = Vault XP percentage of total XP
 D = Non-vault monster count
 E = Vault monster count
 F = Vault count percentage of total count
                 A         B        C        D         E       F
            +---------+---------+-------+---------+---------+-------
      Total |    1299 |     593 |  31.3 |      79 |      28 |  26.2
            +---------+---------+-------+---------+---------+-------
        D:1 |      13 |       0 |   0.0 |       8 |       0 |   0.0
        D:2 |      45 |       0 |   0.0 |      11 |       0 |   0.0
        D:3 |     156 |      33 |  17.5 |      23 |       4 |  14.8
        D:4 |     213 |      19 |   8.2 |      17 |       4 |  19.0
        D:5 |     824 |       0 |   0.0 |      15 |       0 |   0.0
        D:6 |      48 |     386 |  88.9 |       5 |       4 |  44.4
    Ossuary |       0 |     155 | 100.0 |       0 |      16 | 100.0
            +---------+---------+-------+---------+---------+-------

Illustrated notes

Table legend:
 A = Kills in this place as a percentage of kills in entire the game.
 B = Kills by you in this place as a percentage of kills by you in the entire game.
 C = Kills by friends in this place as a percentage of kills by friends in the entire game.
 D = Other kills in this place as a percentage of other kills in the entire game.
 E = Experience gained in this place as a percentage of experience gained in the entire game.
 F = Experience gained in this place divided by the number of levels of this place that you have seen.
                   A       B       C       D       E      F
               +-------+-------+-------+-------+-------+----------------------
         Total | 100.0 | 100.0 |   N/A |   N/A | 100.0 | 236.5
       Dungeon |  85.0 |  85.0 |   N/A |   N/A |  91.8 | 289.5
       Ossuary |  15.0 |  15.0 |   N/A |   N/A |   8.2 | 155.0
               +-------+-------+-------+-------+-------+----------------------

Table legend: (Time is in decaauts)
 A = Elapsed time spent in this place.
 B = Non-inter-level travel time spent in this place.
 C = Inter-level travel time spent in this place.
 D = Time resting spent in this place.
 E = Time spent auto-exploring this place.
 F = Levels seen in this place.
 G = Mean time per level.
                   A        B        C        D        E       F      G
               +--------+--------+--------+--------+--------+-----+--------+
         Total |   9438 |   9048 |    390 |   2583 |   4908 |   8 | 1179.8 |
       Dungeon |   8474 |   8084 |    390 |   2287 |   4450 |   6 | 1412.3 |
         Abyss |     10 |     10 |      0 |      0 |      1 |   1 |   10.0 |
       Ossuary |    954 |    954 |      0 |    296 |    457 |   1 |  954.0 |
               +--------+--------+--------+--------+--------+-----+--------+

Top non-repeatable levels by time:
     D:3: 2516 daAuts
     D:4: 2075 daAuts
     D:5: 1743 daAuts
     D:2: 1192 daAuts
 Ossuary: 954 daAuts
     D:1: 655 daAuts
     D:6: 291 daAuts
 Abyss:1: 10 daAuts
